 Dungeon Crawl Stone Soup version 0.18-a0-1171-ga8e22e7 (webtiles) character file.

8995 gorblad the Grappler (level 11, -2/113 HPs)
             Began as a Troll Berserker on Jan 26, 2016.
             Was a High Priest of Trog.
             Slain by a water moccasin (8 damage)
             ... on level 1 of the Lair of Beasts.
             The game lasted 00:18:33 (8431 turns).

gorblad the Grappler (Troll Berserker)              Turns: 8431, Time: 00:18:33

Health: -2/113     AC:  6    Str: 30    XL:     11   Next: 17%
Magic:  10/10      EV: 12    Int:  3    God:    Trog [*****.]
Gold:   546        SH:  0    Dex:  9    Spells: 0 memorised, 10 levels left

rFire  . . .     SeeInvis .     E - +12 Glaive of Prune {chop}
rCold  + . .     Gourm    +     a - +1 animal skin
rNeg   + . .     Faith    .     (shield currently unavailable)
rPois  .         Spirit   .     (helmet restricted)
rElec  .         Dismiss  .     (no cloak)
rCorr  .         Reflect  .     (gloves unavailable)
SustAt .         Harm     .     (boots unavailable)
MR     .....                    (no amulet)
Stlth  +.........               r - ring of protection from cold
                                f - ring of positive energy

@: lethally poisoned (-2 -> -2), exhausted, very slightly contaminated, hasted,
very quick, not resistant to hostile enchantments, very unstealthy
A: unfitting armour, claws 3, fast metabolism 3, gourmand, regeneration 2,
shaggy fur 1, tough skin 2
a: Berserk, Trog's Hand, Brothers in Arms, Burn Spellbooks, Renounce Religion


You were on level 1 of the Lair of Beasts.
You worshipped Trog.
Trog was extremely pleased with you.
You were full.

You visited 2 branches of the dungeon, and saw 10 of its levels.

You collected 546 gold pieces.

Inventory:

Hand Weapons
 E - the +12 Glaive of Prune (weapon) {chop}
   (Trog gifted it to you on level 8 of the Dungeon)

   It inflicts extra damage upon your enemies.
Armour
 a - a +1 animal skin (worn)
 y - a -1 robe
Jewellery
 f - a ring of positive energy (left claw)
 k - an uncursed ring of wizardry
 q - an uncursed ring of magical power
 r - a ring of protection from cold (right claw)
 J - an uncursed ring of positive energy
 L - an uncursed ring of positive energy
Wands
 s - a wand of slowing (48/48)
 t - a wand of confusion (30/48)
 C - a wand of magic darts (20/48)
 G - a wand of cold (8/15)
Scrolls
 o - a scroll of teleportation
 p - 4 scrolls of remove curse
 w - a scroll of blinking
 x - a scroll of magic mapping
 B - a scroll of recharging
 K - a scroll of fear
Potions
 d - a potion of poison
 e - a potion of resistance {unknown}
 g - 2 potions of haste
 j - a potion of lignification {unknown}
 l - 3 potions of curing
 m - 2 potions of agility
 n - a potion of magic {unknown}
 v - a potion of ambrosia {unknown}
 z - a potion of cure mutation {unknown}
 A - a potion of berserk rage {unknown}
 D - a potion of cancellation {unknown}
 H - a potion of might {unknown}
Comestibles
 b - 7 bread rations
 c - 2 slices of pizza
 h - 4 fruits
 i - 5 beef jerkies
 u - 5 meat rations
 F - a royal jelly


   Skills:
 + Level 8.7 Fighting
 * Level 3.4 Polearms
 + Level 8.7 Dodging
 - Level 10.2 Unarmed Combat


You had 10 spell levels left.
You didn't know any spells.

Dungeon Overview and Level Annotations

Branches:
Dungeon (8/15)             Temple (0/1) D:4            Lair (2/8) D:8

Altars:
Cheibriados
Elyvilon
Fedhas
Gozag
Nemelex Xobeh
Okawaru
Trog
Xom
Yredelemnul

Shops:
D:6 %

Annotations:
D:7 1 runed door


Innate Abilities, Weirdness & Mutations

You are too large for most types of armour.
You have claws for hands.
Your metabolism is lightning-fast.
You like to eat raw meat.
You heal very quickly.
You are covered in fur (AC +1).
You have very tough skin (AC +2).


Message History

The water moccasin bites you but does no damage.
You feel sick. The water moccasin misses you.
You feel sick.
You see here a yak corpse.
You feel sick.
The water moccasin bites you but does no damage.
You feel yourself speed up.
You feel sick.
The water moccasin bites you but does no damage.
There is a stone staircase leading up here.
The water moccasin bites you.
* * * LOW HITPOINT WARNING * * *
You climb upwards.
You feel sick.
There is a stone staircase leading down here.
Unknown command.
You slash the water moccasin!
The water moccasin is moderately wounded.
The water moccasin bites you!
You die...

#.......).................
#........รท......#.........
#..##......####.##.......#
#..#####.### #.###..##..# ###
#..# #..#####..#..##.... #.#
#..#####.#.##.#.........##
#.######...#P#..................#
#................S.....###.###..#
#............##.@###P..##P.# #..#
#P###.P####P.##..#.##..###.###..#
### #######.......###...##.##....
#...................#....
#.........#.###..........
#..##.#############.#....
##.#########...####.##....
####..#.......#...##...##....
###.###.##......#...##....#....


You could see a water moccasin.

Vanquished Creatures
  Erolcha (D:8)
  Pikel (D:7)
  A spiny frog (Lair:1)
  3 komodo dragons (D:8)
  The ghost of slayr the Chopper, an amateur HOFi of Okawaru (D:4)
  Prince Ribbit (D:8)
  Sigmund (D:3)
  6 yaks
  2 hippogriffs (D:7)
  A basilisk (Lair:1)
  3 wolves (Lair:1)
  Menkaure (D:5)
  Edmund (D:5)
  A porcupine (Lair:1)
  A soldier ant (D:7)
  2 water moccasins
  2 orc warriors (D:7)
  2 ice beasts
  4 sky beasts
  3 slaves (D:7)
  A swamp drake (D:8)
  2 phantoms
  4 ogres
  6 crocodiles
  A big kobold (D:7)
  7 giant frogs
  3 scorpions
  5 crimson imps
  A giant frog zombie (D:7)
  3 hounds
  2 iguanas
  4 orc priests
  4 hell rats (Lair:1)
  12 orc wizards
  10 worker ants
  A worker ant zombie (D:8)
  9 adders
  3 gnolls (D:3)
  15 river rats
  2 shadow imps
  An ooze (D:4)
  2 adder zombies (D:7)
  3 adder skeletons
  4 worms
  8 giant geckos
  30 orcs
  6 bats
  13 giant cockroaches
  5 hobgoblins
  12 kobolds
  A quokka (D:4)
  2 ball pythons
  A ball python zombie (D:5)
  A giant gecko skeleton (D:5)
  3 giant newts
  9 goblins
  A jackal zombie (D:6)
  26 rats
  A butterfly (D:7)
262 creatures vanquished.

Vanquished Creatures (others)
  A slave (D:7)
  An orc wizard (D:7)
  A worker ant (D:7)
  A hound skeleton (D:7)
  A giant gecko (D:7)
  2 orcs (D:7)
  A fungus (Lair:2)
8 creatures vanquished.

Grand Total: 270 creatures vanquished

Notes
Turn   | Place    | Note
--------------------------------------------------------------
     0 | D:1      | gorblad the Troll Berserker began the quest for the Orb.
     0 | D:1      | Reached XP level 1. HP: 22/22 MP: 0/0
    29 | D:1      | Reached XP level 2. HP: 25/29 MP: 1/1
   380 | D:1      | Reached ** piety under Trog
   602 | D:2      | Reached XP level 3. HP: 36/36 MP: 2/2
   855 | D:2      | Found an iron altar of Okawaru.
  1188 | D:2      | Found a sparkling altar of Nemelex Xobeh.
  1600 | D:3      | Found a shimmering altar of Xom.
  1663 | D:3      | Reached skill level 4 in Unarmed Combat
  1663 | D:3      | Reached XP level 4. HP: 44/44 MP: 3/3
  1920 | D:3      | Reached *** piety under Trog
  2013 | D:3      | Reached XP level 5. HP: 50/53 MP: 4/4
  2141 | D:3      | Noticed Sigmund
  2147 | D:3      | Killed Sigmund
  2147 | D:3      | Reached skill level 5 in Unarmed Combat
  2147 | D:3      | Reached XP level 6. HP: 50/61 MP: 5/5
  2277 | D:4      | Found a staircase to the Ecumenical Temple.
  2474 | D:4      | Found a blossoming altar of Fedhas.
  2851 | D:4      | Noticed slayr's ghost (amateur HOFi)
  2855 | D:4      | Reached **** piety under Trog
  2874 | D:4      | Reached XP level 7. HP: 68/68 MP: 6/6
  2878 | D:4      | Killed slayr's ghost
  2878 | D:4      | Reached skill level 6 in Unarmed Combat
  3320 | D:5      | Entered Level 5 of the Dungeon
  3502 | D:5      | Found a snail-covered altar of Cheibriados.
  3539 | D:5      | Reached skill level 7 in Unarmed Combat
  3673 | D:5      | Noticed Menkaure
  3678 | D:5      | Killed Menkaure
  3678 | D:5      | Reached XP level 8. HP: 79/79 MP: 7/7
  3724 | D:5      | Found a white marble altar of Elyvilon.
  3911 | D:5      | Noticed Edmund
  3922 | D:5      | Killed Edmund
  3930 | D:5      | Reached skill level 5 in Fighting
  4191 | D:5      | Found a basalt altar of Yredelemnul.
  4191 | D:5      | Found an opulent altar of Gozag.
  4291 | D:6      | Reached skill level 8 in Unarmed Combat
  4371 | D:6      | Reached skill level 5 in Dodging
  4632 | D:6      | Found a bloodstained altar of Trog.
  4820 | D:6      | Found Yxka's Food Shop.
  5202 | D:7      | Reached XP level 9. HP: 88/88 MP: 8/8
  5239 | D:7      | Reached skill level 9 in Unarmed Combat
  5316 | D:7      | Noticed Pikel
  5329 | D:7      | Killed Pikel
  5538 | D:7      | Reached ***** piety under Trog
  5886 | D:7      | Found a runed door.
  5899 | D:7      | Found a runed door.
  6087 | D:7      | Reached XP level 10. HP: 102/102 MP: 9/9
  6258 | D:8      | Noticed Erolcha
  6270 | D:8      | Killed Erolcha
  6305 | D:8      | Noticed Prince Ribbit
  6311 | D:8      | Killed Prince Ribbit
  6913 | D:8      | Reached skill level 10 in Unarmed Combat
  6997 | D:8      | Received a gift from Trog
  7042 | D:8      | Found a staircase to the Lair.
  7282 | Lair:1   | Entered Level 1 of the Lair of Beasts
  7326 | Lair:1   | Reached skill level 1 in Polearms
  7580 | Lair:1   | Noticed a spiny frog
  7586 | Lair:1   | Killed a spiny frog
  7586 | Lair:1   | Reached XP level 11. HP: 86/113 MP: 10/10
  8430 | Lair:1   | HP: 5/113 [poisoned by a water moccasin]
  8431 | Lair:1   | Slain by a water moccasin

Vault maps used:
D:1:      erik_arrival_orb_chamber, serial_curves, eino_curves_01,
          eino_curves_01, eino_curves_02
D:2:      marbit_many_paths, first_bread, nemelex_spade_bored_becter
D:3:      nicolae_overflow_hidden_temple, uniq_sigmund
D:4:      lemuel_round_altar, temple_fountains, gup_sewer_entry_bubbles
D:5:      gammafunk_temple_overflow_pools, overflow_temple_1_default,
          basic_altar, uniq_edmund, uniq_menkaure
D:6:      nicolae_overflow_crystal_walls, serial_shops, nicolae_shop_statue_plus
D:7:      lemuel_insect_pit, uniq_pikel
D:8:      erik_lair_dragon, uniq_prince_ribbit1, uniq_erolcha
Lair:1:   kennysheep_abandoned_house
Lair:2:   grunt_megastairs_5, serial_bayou_shore_a, infiniplex_staircase_pool,
          uniq_fannar

Action                   |  1- 3 |  4- 6 |  7- 9 | 10-12 || total
-------------------------+-------+-------+-------+-------++-------
Melee: Unarmed           |   106 |   141 |   271 |    86 ||   604
       Glaive            |       |       |       |    90 ||    90
Invok: Berserk           |       |     3 |     5 |     6 ||    14
       Trog's Hand       |       |     3 |     3 |     3 ||     9
       Burn Spellbooks   |       |       |       |     1 ||     1
  Use: Scroll            |     9 |     1 |    10 |     2 ||    22
       Potion            |       |     5 |       |     2 ||     7
  Eat: Chunk             |    19 |    13 |    38 |    27 ||    97
